AoeStats
← Der Sprudel

Arena

509160307Analyzed
1v1 RM · 6d ago on Sep 25, 2026· 22m 47s· 2 players
Game mode
Random Map
Map size
Tiny (2 player)
Population
200
Speed
Normal
Resources
Standard
Victory
Conquest
Starting age
Dark Age
Ending age
Imperial Age
RankedLock teamsTeams togetherTeam positionsShared explorationLock speedFull tech treeHidden civsTurbo modeCheats
Victory
Defeat
🇷🇺 Malay · Russia
1330
+14
🇩🇪 Turks · Germany
1284
-14
Der Sprudel
10:28 Feudal Age
14:46 Castle Age
13:17 Double-Bit Axe
13:40 Horse Collar
15:46 Bow Saw
20:20 Scale Barding Armor
alex
11:37 Feudal Age
14:47 Castle Age
12:41 Double-Bit Axe
Connection lost

Rejoining the realm…

Still unreachable

The connection could not be restored.

Session expired

The server has moved on; the page needs a fresh start.